Map: Crête de Lerilak

Players

zidar - Winner!

  • Race: Zerg Zerg
  • League: Silver
  • Spawn Location: 11:00

neokvantti

  • Race: Terran Terran
  • League: Silver
  • Spawn Location: 1:00

VOD

Have the link to the VOD?

Description

Time

  • Played on: Feb. 12, 2016, 1:44 p.m.
  • Length: 14:43
Show
View Real Time Build Order
Export as new Build Order

zidar Zerg - Winner!

Build Orders: Hatch First, Muta Ling Bane 

Get SALT Encoding   

  12  0:02  Drone  
  13  0:12  Overlord  
  13  0:17  Drone  
  14  0:30  Drone  
  14  0:31  Drone  
  14  0:35  Drone  
  17  0:55  Hatchery  
  17  0:57  Drone  
  17  1:12  Spawning Pool  
  17  1:14  Drone  
  17  1:21  Drone  
  17  1:24  Drone, Extractor  
  18  1:31  Overlord  
  18  1:39  Drone  
  19  1:55  Drone  
  20  2:04  Queen  
  22  2:08  Queen  
  24  2:17  Drone x3  
  27  2:23  Drone x2  
  29  2:38  Overlord  
  29  2:41  Metabolic Boost  
  29  2:47  Roach Warren  
  28  2:54  Baneling Nest  
  27  2:59  Extractor  
  27  3:05  Extractor  
  25  3:06  Drone x4  
  25  3:07  Extractor  
  28  3:20  Lair  
  28  3:32  Drone x6  
  34  4:10  Drone x2  
  36  4:28  Overlord x2  
  36  4:29  Overlord x2  
  36  4:31  Hatchery  
  35  4:39  Queen, Evolution Chamber  
  35  4:44  Centrifical Hooks, Evolution Chamber  
  35  4:57  Drone x2  
  37  5:00  Drone  
  38  5:11  Drone x3  
  41  5:15  Pneumatized Carapace  
  34  6:00  Drone x9  
  43  6:16  Drone x13  
  56  6:30  Zergling x2  
  56  6:31  Zergling x4  
  59  6:57  Zerg Ground Armor Level 1  
  59  6:58  Zerg Melee Weapons Level 1  
  59  7:00  Zergling x2  
  59  7:01  Zergling x18  
  66  7:05  Baneling x2  
  66  7:06  Baneling x4  
  69  7:14  Spire  
  68  7:56  Overlord x8  
  68  8:07  Baneling x4  
  68  8:08  Baneling  
  60  8:29  Mutalisk  
  60  8:30  Mutalisk x5  
  72  8:34  Drone x6  
  72  8:37  Drone x9  
  72  8:39  Queen  
  89  8:51  Zerg Ground Armor Level 2  
  89  8:52  Zerg Melee Weapons Level 2  
  89  8:57  Drone, Infestation Pit  
  89  9:16  Extractor  
  88  9:20  Extractor  
  88  9:22  Overseer  
  87  9:30  Hatchery  
  86  9:46  Zergling x8  
  86  9:47  Zergling x26  
  103  10:00  Mutalisk x3  
  103  10:01  Mutalisk x3  
  103  10:06  Zergling x6  
  103  10:07  Zergling x2  
  119  10:10  Baneling  
  119  10:11  Baneling x5  
  119  10:12  Baneling  
  119  10:24  Hive  
  119  11:00  Zergling x10  
  119  11:01  Zergling x20  
  133  11:52  Zerg Ground Armor Level 3  
  133  11:53  Zerg Melee Weapons Level 3, Ultralisk Cavern, Adrenal Glands  
  132  12:05  Overlord x2  
  132  12:06  Overlord x5  
  132  12:07  Overlord  
  132  12:34  Hatchery  
  131  12:38  Overseer  
  131  12:42  Chitinous Plating  
  131  12:46  Ultralisk  
  131  12:47  Ultralisk x3  
  131  12:48  Ultralisk x2  
  167  12:52  Zergling x16  
  167  12:53  Zergling x14  
  167  12:54  Zergling x8  
  167  12:55  Zergling x10  
Show
View Real Time Build Order
Export as new Build Order

neokvantti Terran 

Build Orders: Liberator Opening 

Get SALT Encoding   

  12  0:00  SCV  
  13  0:13  SCV  
  14  0:23  Supply Depot  
  14  0:25  SCV  
  15  0:45  SCV  
  15  0:47  Barracks  
  16  0:55  Supply Depot  
  16  0:57  SCV  
  17  1:05  Refinery  
  17  1:09  SCV  
  18  1:21  SCV  
  18  1:22  Barracks  
  19  1:33  SCV  
  19  1:39  Marine  
  21  1:40  Refinery  
  21  1:45  SCV  
  22  1:49  Engineering Bay  
  22  1:57  SCV  
  22  2:00  Marine  
  24  2:09  SCV  
  25  2:18  Marine  
  25  2:20  Factory  
  25  2:21  SCV  
  27  2:29  Bunker  
  27  2:36  Marine x2  
  29  2:37  SCV  
  30  2:50  SCV  
  31  3:02  Command Center  
  31  3:14  Supply Depot  
  31  3:20  Starport  
  31  3:21  Factory Tech Lab  
  31  3:30  Supply Depot  
  31  3:35  Marine x2  
  32  3:42  SCV  
  32  3:43  Liberator  
  33  3:54  Barracks Tech Lab, Bunker, SCV  
  37  4:03  Terran Infantry Weapons Level 1  
  37  4:25  Armory, SCV  
  37  4:28  Orbital Command  
  38  4:34  Siege Tank  
  38  4:37  SCV  
  42  4:51  Barracks Reactor  
  42  4:52  Starport Tech Lab  
  42  5:00  SCV  
  42  5:01  Missile Turret  
  43  5:11  Refinery  
  43  5:12  SCV  
  44  5:24  Missile Turret  
  44  5:52  Siege Tank  
  44  5:53  Planetary Fortress  
  47  5:58  Marine x3  
  47  6:08  Bunker  
  48  6:11  SCV  
  48  6:16  Marine  
  49  6:20  Supply Depot  
  49  6:21  Terran Infantry Armor Level 1  
  49  6:23  SCV  
  50  6:27  Barracks  
  50  6:28  Siege Tank  
  53  6:35  SCV  
  53  6:38  SCV  
  55  6:43  Supply Depot  
  55  6:47  SCV  
  55  6:50  SCV  
  55  6:52  Medivac  
  59  6:59  Marauder, SCV  
  59  7:00  Marine x2  
  64  7:02  SCV  
  64  7:06  Supply Depot  
  65  7:11  SCV  
  65  7:14  Refinery, SCV  
  67  7:17  Missile Turret  
  67  7:18  Marine x2  
  67  7:21  Marauder  
  67  7:22  Stimpack  
  71  7:24  SCV  
  71  7:26  SCV  
  73  7:35  Marine  
  73  7:36  SCV  
  75  7:38  SCV  
  75  7:40  Missile Turret  
  75  7:42  Marauder  
  78  8:01  Missile Turret  
  78  8:03  Marauder  
  80  8:15  Liberator  
  80  8:30  Siege Tank  
  86  8:35  Terran Infantry Weapons Level 2  
  86  8:51  Supply Depot  
  86  9:12  Siege Tank, SCV  
  86  9:13  Supply Depot  
  86  9:14  Command Center  
  90  9:24  SCV  
  91  9:35  Supply Depot  
  91  9:51  Combat Shield  
  91  9:56  Marine x2  
  91  9:58  Barracks Reactor, Supply Depot  
  93  10:07  Barracks, Marine  
  93  10:13  Marine  
  93  10:14  Marine  
  96  10:20  Drilling Claws, Supply Depot  
  96  10:22  Rapid Reignition System  
  96  10:25  Marine  
  96  10:26  Terran Vehicle And Ship Armor Level 1  
  97  10:39  Factory  
  97  10:42  Supply Depot  
  97  10:43  Marauder  
  99  10:55  Barracks, Starport  
  99  11:04  Supply Depot  
  99  11:05  Marauder, Orbital Command  
  99  11:10  Concussive Shells  
  87  11:20  Marine x4  
  87  11:23  Factory  
  87  11:24  Barracks Reactor  
  91  11:26  Marauder  
  91  11:28  Supply Depot  
  93  11:35  Starport  
  93  11:37  Marine x2  
  93  11:38  Marine x2  
  97  11:42  Missile Turret  
  97  11:47  Missile Turret x2, Marine  
  97  11:50  Missile Turret, SCV x2  
  97  11:51  SCV  
  101  11:55  Marine x3  
  101  11:56  Marine  
  101  11:57  Barracks Reactor  
  105  12:01  Missile Turret  
  105  12:02  SCV  
  105  12:03  SCV x2  
  105  12:05  Marauder, Terran Infantry Armor Level 2  
  105  12:07  Missile Turret  
  110  12:10  Engineering Bay  
  110  12:11  Missile Turret  
  110  12:13  Marine x4  
  110  12:14  Missile Turret  
  110  12:15  Armory, SCV  
  115  12:21  Missile Turret  
  115  12:34  Missile Turret  
  115  12:36  Missile Turret x2  
  115  12:39  Missile Turret, Marine x2  
  115  12:40  Marine x6  
  123  12:46  SCV x2  
  125  12:57  Refinery, Missile Turret  
  125  12:59  Missile Turret  
  125  13:00  Refinery  
  125  13:06  Starport Reactor  
  125  13:08  Starport Reactor  
  125  13:10  Raven  
  127  13:14  Corvid Reactor  
  127  13:17  Missile Turret x2  
  127  13:37  Missile Turret  
  127  13:52  Missile Turret  
  127  13:53  Raven  
  82  14:10  Missile Turret  
  82  14:11  Marine  
  82  14:12  Missile Turret, Marine x4  
  87  14:18  Marine x4  
  91  14:31  Missile Turret  
  80  14:32  Missile Turret  
Tags
 
Add a new tag
Caveats
  • Supply blocks, unpowered buildings, or Contaminate may cause inaccurate times.
  • Supply counts are checked every 10 seconds.